 Dungeon Sprint DCSS version 0.21-a0-207-g4a9efaf (webtiles) character file.

562 Kidiri the Thaumaturge (level 7, -8/61 HPs)
             Began as a Deep Elf Fire Elementalist on Aug 20, 2017.
             Was an Elder of Vehumet.
             Mangled by a flayed ghost (11 damage)
             ... in the Dungeon (Sprint VII: "The Pits").
             The game lasted 00:07:38 (1191 turns).

Kidiri the Thaumaturge (Deep Elf Fire Elementalist) Turns: 1191, Time: 00:07:39

Health: -8/61      AC: 11    Str: 10    XL:     7   Next: 10%
Magic:  22/24      EV: 13    Int: 22    God:    Vehumet [****..]
Gold:   0          SH:  0    Dex: 15    Spells: 6/29 levels left

rFire    . . .     SeeInvis .   s - +4 scythe (protect)
rCold    . . .     Gourm    .   (shield currently unavailable)
rNeg     . . .     Faith    .   q - +2 robe
rPois    .         Spirit   .   (no helmet)
rElec    .         Reflect  .   (no cloak)
rCorr    .         Harm     .   (no gloves)
MR       .....     NoTele   +   (no boots)
Stlth    ..........             (no amulet)
HPRegen  0.20/turn              (no ring)
MPRegen  0.19/turn              (no ring)

@: berserking (expiring), protection aura, very slightly contaminated, very
quick
A: robust 1, screaming 1
a: Renounce Religion


You were in the Dungeon.
You worshipped Vehumet.
Vehumet was greatly pleased with you.
You were not hungry.

You visited 1 branch

Inventory:

Hand Weapons
 r - a +1 dagger of electrocution
 s - a +4 scythe of protection (weapon)
Armour
 a - a +0 robe
 q - a +2 robe (worn)
Scrolls
 i - a scroll of blinking
 k - 3 scrolls of remove curse
 l - 5 scrolls of amnesia
 m - a scroll of summoning
Potions
 d - 6 potions of curing
 e - 3 potions of heal wounds
 f - a potion of haste
 g - 3 potions of magic
 h - a potion of berserk rage
 j - 2 potions of invisibility
 p - a potion of might {unknown}
Books
 b - a book of Flames

   Spells                             Type                      Level
   a - Flame Tongue                   Conjuration/Fire             1
   b - Throw Flame                    Conjuration/Fire             2
   c - Conjure Flame                  Conjuration/Fire             3
   d - Inner Flame                    Hexes/Fire                   3
   e - Sticky Flame                   Conjuration/Fire             4
   f - Fireball                       Conjuration/Fire             5
Comestibles
 c - 8 bread rations
 n - 40 fruits
 o - 7 meat rations


   Skills:
 + Level 1.1 Fighting
 + Level 1.5 Short Blades
 + Level 1.0 Armour
 + Level 3.2 Dodging
 - Level 2.4 Stealth
 * Level 11.8 Spellcasting
 + Level 6.9 Conjurations
 + Level 7.6 Fire Magic
 + Level 5.4 Ice Magic
 + Level 1.3 Air Magic
 + Level 5.6 Earth Magic
 + Level 1.5 Poison Magic


You had 6 spell levels left.
You knew the following spells:

 Your Spells              Type           Power        Failure   Level  Hunger
a - Flame Tongue          Conj/Fire      #####        1%          1    None
b - Throw Flame           Conj/Fire      #####.       1%          2    None
c - Conjure Flame         Conj/Fire      #####...     1%          3    None
d - Inner Flame           Hex/Fire       ####....     1%          3    None
e - Sticky Flame          Conj/Fire      #####...     1%          4    None
f - Fireball              Conj/Fire      #####.....   1%          5    ####...
g - Freeze                Ice            ####         1%          1    None
h - Sandblast             Erth           #####.       1%          1    None
i - Mephitic Cloud        Conj/Pois/Air  ####....     1%          3    None


Dungeon Overview and Level Annotations

Branches:
Dungeon (1/1)

Altars:
Ashenzari
Cheibriados
Dithmenos
Elyvilon
Fedhas
Gozag
Hepliaklqana
Kikubaaqudgha
Makhleb
Nemelex Xobeh
Okawaru
Qazlal
Ru
Sif Muna
Trog
Uskayaw
Vehumet
Wu Jian
Xom
Yredelemnul
Zin
The Shining One
Beogh
Jiyva
Lugonu


Innate Abilities, Weirdness & Mutations

You are robust. (+10% HP)
You occasionally shout uncontrollably at your foes.


Message History

The flayed ghost closely misses you.
You miss the flayed ghost.
The flayed ghost is lightly damaged.
The flayed ghost barely misses you. The flayed ghost closely misses you.
You barely miss the flayed ghost.
The flayed ghost is lightly damaged.
The flayed ghost hits you!
* * * LOW HITPOINT WARNING * * *
You slash the flayed ghost!
Your weapon exudes an aura of protection.
The flayed ghost is moderately damaged.
The flayed ghost misses you.
You slice the flayed ghost!!
The flayed ghost is heavily damaged.
The flayed ghost hits you but does no damage.
The flayed ghost barely misses you.
You barely miss the flayed ghost.
The flayed ghost is heavily damaged.
The flayed ghost hits you!
You die...

#.#..#.)))[##.......#
#'###########.......#
#)รท.....# #########
#...#...# #...#...#
#.##.##.#+#
#...#...#.+
#...#...#W#
#.......'@#
###########


You could see a flayed ghost.

Vanquished Creatures
  Sigmund (D)
  A phantom (D)
  A sky beast (D)
  An ogre (D)
  A jelly (D)
  An iron imp (D)
  An orc wizard (D)
  A worker ant (D)
  A river rat (D)
  An adder (D)
  2 orcs (D)
  A quokka (D)
  A ball python (D)
  A ball python zombie (D)
  A bat (D)
  A leopard gecko zombie (D)
  A quokka zombie (D)
18 creatures vanquished.

Notes
Turn   | Place    | Note
-------+----------+-------------------------------------------
     0 | D        | Kidiri the Deep Elf Fire Elementalist began the quest for the Orb.
     0 | D        | Reached XP level 1. HP: 10/10 MP: 6/6
    15 | D        | Reached skill level 4 in Spellcasting
    15 | D        | Reached XP level 2. HP: 15/15 MP: 3/9
    19 | D        | Learned a level 2 spell: Throw Flame
    55 | D        | Found a bloodstained altar of Trog.
    55 | D        | Found a deep blue altar of Sif Muna.
    55 | D        | Found a viscous altar of Jiyva.
    55 | D        | Found a hazy altar of Hepliaklqana.
    55 | D        | Found an opulent altar of Gozag.
    56 | D        | Found a glowing golden altar of the Shining One.
    56 | D        | Found a glowing silver altar of Zin.
    56 | D        | Found a basalt altar of Yredelemnul.
    56 | D        | Found a shimmering altar of Xom.
    56 | D        | Found an ornate altar of the Wu Jian Council.
    56 | D        | Found a sacrificial altar of Ru.
    56 | D        | Found a stormy altar of Qazlal.
    56 | D        | Found an iron altar of Okawaru.
    56 | D        | Found a sparkling altar of Nemelex Xobeh.
    56 | D        | Found a burning altar of Makhleb.
    56 | D        | Found a blossoming altar of Fedhas.
    56 | D        | Found a white marble altar of Elyvilon.
    56 | D        | Found a shadowy altar of Dithmenos.
    56 | D        | Found a snail-covered altar of Cheibriados.
    58 | D        | Found a radiant altar of Vehumet.
    58 | D        | Found a corrupted altar of Lugonu.
    58 | D        | Found a roughly hewn altar of Beogh.
    59 | D        | Found a hide-covered altar of Uskayaw.
    59 | D        | Found an ancient bone altar of Kikubaaqudgha.
    59 | D        | Found a shattered altar of Ashenzari.
    66 | D        | Became a worshipper of Vehumet
    88 | D        | Reached skill level 5 in Spellcasting
   233 | D        | Reached * piety under Vehumet
   233 | D        | Offered knowledge of Sandblast by Vehumet.
   233 | D        | Reached skill level 6 in Spellcasting
   233 | D        | Reached XP level 3. HP: 15/19 MP: 8/13
   234 | D        | Reached skill level 7 in Spellcasting
   237 | D        | Learned a level 1 spell: Sandblast
   241 | D        | Learned a level 3 spell: Conjure Flame
   245 | D        | Learned a level 3 spell: Inner Flame
   400 | D        | Reached ** piety under Vehumet
   400 | D        | Offered knowledge of Freeze by Vehumet.
   403 | D        | Learned a level 1 spell: Freeze
   443 | D        | Noticed a sky beast
   461 | D        | Killed a sky beast
   461 | D        | Reached skill level 8 in Spellcasting
   461 | D        | Reached skill level 5 in Fire Magic
   461 | D        | Reached XP level 4. HP: 4/24 MP: 8/16
   469 | D        | Learned a level 4 spell: Sticky Flame
   470 | D        | Gained mutation: You are robust. (+10% HP) [mutagenic meat]
   471 | D        | Gained mutation: You occasionally shout uncontrollably at your foes. [mutagenic meat]
   824 | D        | Noticed Sigmund
   830 | D        | Killed Sigmund
   830 | D        | Offered knowledge of Mephitic Cloud by Vehumet.
   830 | D        | Reached skill level 10 in Spellcasting
   830 | D        | Reached XP level 5. HP: 20/30 MP: 6/20
   830 | D        | Reached XP level 6. HP: 24/35 MP: 6/21
   835 | D        | Reached *** piety under Vehumet
   835 | D        | Reached skill level 11 in Spellcasting
   836 | D        | Reached skill level 5 in Earth Magic
   853 | D        | Learned a level 5 spell: Fireball
   870 | D        | Reached skill level 5 in Ice Magic
   884 | D        | Learned a level 3 spell: Mephitic Cloud
   901 | D        | Offered knowledge of Iskenderun's Mystic Blast by Vehumet.
   901 | D        | Reached skill level 1 in Short Blades
   901 | D        | Reached skill level 1 in Poison Magic
   904 | D        | Reached **** piety under Vehumet
  1069 | D        | Reached skill level 1 in Fighting
  1069 | D        | Reached skill level 1 in Armour
  1069 | D        | Reached skill level 1 in Air Magic
  1069 | D        | Reached XP level 7. HP: 32/41 MP: 15/24
  1171 | D        | Offered knowledge of Iskenderun's Battlesphere by Vehumet.
  1178 | D        | Noticed a flayed ghost
  1181 | D        | HP: 2/41 [flayed ghost (27)]
  1188 | D        | HP: 2/61 [flayed ghost (8)]
  1191 | D        | Mangled by a flayed ghost

Vault maps used:
D:        pitsprint

Skill      XL: |  1  2  3  4  5  6 |
---------------+-------------------+-----
Spellcasting   | 4 6 8 10 11 | 11.8
Conjurations   | 2 3 4 6 |  6.9
Fire Magic     | 4 5 6 7 |  7.6
Ice Magic      | 2 4 5 |  5.4
Earth Magic    | 2 4 5 |  5.6
Short Blades   | 1 |  1.5
Poison Magic   | 1 |  1.5
Fighting       | 1 |  1.1
Armour         | 1 |  1.0
Dodging        | 3 |  3.2
Air Magic      | 1 |  1.3
Stealth        | |  2.4

Action                   |  1- 3 |  4- 6 |  7- 9 || total
-------------------------+-------+-------+-------++-------
Melee: Dagger            |     3 |    12 |       ||    15
       Scythe            |       |       |     8 ||     8
 Cast: Flame Tongue      |    21 |    20 |     3 ||    44
       Throw Flame       |     2 |     1 |       ||     3
       Freeze            |     2 |       |       ||     2
       Conjure Flame     |       |     3 |       ||     3
       Inner Flame       |       |     1 |       ||     1
       Sticky Flame      |       |     2 |     1 ||     3
       Mephitic Cloud    |       |     1 |       ||     1
  Use: Potion            |     1 |     3 |     2 ||     6
 Stab: Sleeping          |     1 |       |       ||     1
  Eat: Chunk             |       |     2 |     1 ||     3
Armor: Robe              |     3 |       |     2 ||     5
Dodge: Dodged            |     9 |    15 |     7 ||    31
